woodfighter, neutral female scurrid Archeologist @ @ @@ @ @ @ ------- |..`..|[.. |.)`[%@@... | ^ |..`[.|@@@.. |.`.)%|.@... |`.-)----@.. |..|%[..| @ |..|..^.| --------- @ @ woodfighter the Exhumer Experience level: 11 Strength: 16 Dexterity: 16 Constitution: 15 Intelligence: 16 Wisdom: 18 Charisma: 7 Health: 0(76) Energy: 71(71) Def: 23 Gold: 0 Moves: 14262 Dungeon seed: vY2ySorBR4cHLEPE Game ID: woodfighter_1532863401 Your Inventory: Amulets R - an uncursed amulet of reflection (being worn) Weapons B - a blessed +6 dagger named Aggressive Negotiation (weapon in paw) E - 30 blessed +3 darts (in quiver) Armor k - a blessed +1 dwarvish cloak (being worn) n - an uncursed +0 pair of leather gloves z - an uncursed +0 pair of gauntlets of dexterity (being worn) A - an uncursed +0 pair of elven boots (being worn) N - an uncursed +0 elven shield (being worn) S - a blessed +1 helmet (being worn) Y - a blessed +2 dwarvish mithril-coat (being worn) Comestibles x - 4 uncursed food rations C - 7 uncursed K-rations D - 2 uncursed chestnuts Z - an uncursed lizard corpse Scrolls t - a blessed scroll of enchant weapon Rings v - an uncursed ring of polymorph control (on left paw) K - an uncursed ring of shock resistance (on right paw) Wands d - a wand of fire (0:3) f - a wand of death (0:3) j - a wand of sleep (0:6) H - a wand of speed monster (0:8) Tools b - an uncursed stethoscope q - a +0 unicorn horn s - an uncursed sack w - an uncursed magic whistle y - an uncursed skeleton key W - an uncursed blindfold Gems r - an uncursed luckstone Q - an uncursed touchstone Contents of the sack: 2101 gold pieces a blessed +3 orcish dagger named Dagger of Fable a blessed +1 mummy wrapping 3 uncursed eucalyptus leaves an uncursed lizard corpse 2 uncursed sprigs of wolfsbane a [uncursed] scroll of identify a [uncursed] potion of object detection a [uncursed] potion of oil Spells and supernatural/magical abilities: Name Level Category Fail Memory a - force bolt 1 attack 100% 71% B - cure blindness 2 healing 100% 96% W - pray for help -- divine ? -- Your skills at the end: Miscellaneous Skills shield [Basic] wands [Basic] Weapon Skills dagger [Basic] dart [Skilled] whip [Skilled] Spellcasting Skills Final Attributes: You were devoutly aligned. You were fire resistant. You were cold resistant. You were sleep resistant. You were disintegration-resistant. You were shock resistant. You were poison resistant. Your writing paw was ok. You saw invisible. You were telepathic. You had automatic searching. You had infravision. You were invisible to others. You were very stealthy. You aggravated monsters. You were protected. You had polymorph control. You were fast. You had reflection. You were extremely lucky. You had extra luck. Bad luck did not time out for you. Good luck did not time out for you. You are dead. Vanquished creatures: a black dragon a young red dragon a golden naga 2 vampires a ghost an ettin 2 lieutenants 2 giant mimics an ogre king a large mimic a long worm 2 stalkers a hill giant 3 sergeants 2 wargs a winter wolf a quantum mechanic a small mimic a warhorse 2 xans 3 ettin mummies 2 trolls 2 sasquatches a wood golem 2 pyrolisks 2 large dogs 2 freezing spheres a dwarf king a gelatinous cube an ochre jelly a crocodile a leocrotta an energy vortex a mountain centaur 3 giants an elf mummy 4 human mummies a red naga a Grey-elf a pit viper a cobra 28 soldiers 7 giant beetles 2 cockatrices 2 wolves a winter wolf cub a panther a gremlin 18 leprechauns 2 quivering blobs a spotted jelly 5 lizards an orc-captain a mumak a giant spider 2 horses 2 vampire bats 2 orc mummies 2 dwarf mummies a brown pudding 9 Green-elves an owlbear 2 yetis 2 werewolves a piranha 2 dogs 2 dingos a housecat a jaguar a dwarf lord a water nymph 2 white unicorns 2 dust vortices 2 ravens 2 gnome mummies 6 Woodland-elves 2 snakes 6 apes 4 human zombies 4 soldier ants 4 fire ants 2 yellow lights 2 bugbears an imp a baby crocodile a wood nymph 3 Uruk-hai a rock mole 3 rock piercers a pony 2 fog clouds a shrieker 9 gnome lords 4 gnomish wizards 3 kobold mummies a red naga hatchling a golden naga hatchling a guardian naga hatchling a gray ooze a ghoul a straw golem 2 paper golems 4 giant ants 4 floating eyes a kitten 18 dwarves 2 homunculi 3 kobold lords a kobold shaman 6 iguanas 12 hill orcs 6 rothes 2 rabid rats a centipede 11 jitterbugs 2 giant bats 2 monkeys 7 orc zombies 8 dwarf zombies a wererat a werejackal 16 killer bees 5 coyotes 2 gas spores 3 hobbits an acid blob 4 large kobolds 10 geckos 3 hobgoblins 9 giant rats 6 cave spiders 3 brown molds 4 yellow molds 3 green molds 6 red molds 30 gnomes 7 garter snakes 13 manes 7 gnome zombies 3 jackals 2 foxes 2 kobolds 5 newts 2 goblins 5 sewer rats 7 grid bugs 2 bats 6 lichens a kobold zombie 499 creatures vanquished. Genocided species: wood nymphs water nymphs mountain nymphs island nymphs liches demiliches master liches arch-liches 8 species genocided. Voluntary challenges: You did not cause conflict. You did not have reflection until turn 13557. You were not displaced. You used a wielded weapon 1249 times, starting on turn 7. You did not use plumbed fixtures. You read items or engraved 17 times, starting on turn 2753. You genocided 8 types of monsters, starting on turn 13553. You never polymorphed an object. You never changed form. You completed Sokoban on turn 4867, according to the rules. You used no wishes. You never split a pudding. You wrote Elbereth's name 1 time, starting on turn 3325. You never violated your personal moral code. Dungeon overview: The Dungeons of Doom: levels 1 to 18 Level 1 some fountains a long staircase Level 2 (box) stairs to The Gnomish Mines Level 3 an altar to Camaxtli, a fountain, a sink Level 4 (water) a sink Level 5 a general store, a fountain Level 6 a fountain, a sink Level 7 a general store, a fountain Level 8 (unicorn) many fountains Level 9 a fountain stairs to Sokoban Level 10 some fountains, a sink Level 11 Level 12 (vault) a sink Level 13 Level 14 (vault) a fountain portal to Fort Ludios Level 15 portal to The Quest Level 16 Level 17 a fountain Level 18 The Gnomish Mines: levels 3 to 10 Level 3 stairs to The Dungeons of Doom Level 4 Level 5 many shops, a temple to Quetzalcoatl, a magic chest, some fountains Level 6 Level 7 Level 8 Level 9 Level 10 a magic chest, some fountains The Quest: Level 1 portal to The Dungeons of Doom Sokoban: levels 5 to 8 Level 5 a magic chest Level 6 Level 7 Level 8 an altar to Quetzalcoatl, a magic chest stairs to The Dungeons of Doom Fort Ludios: Level 1 <- You were here portal to The Dungeons of Doom History has recorded: On T:1 you entered the Dungeons of Doom to retrieve the Amulet of Yendor! On T:59 you reached level 2 of The Dungeons of Doom. On T:229 you reached level 3 of The Dungeons of Doom. On T:306 you reached level 1 of The Gnomish Mines. On T:518 you reached level 4 of The Dungeons of Doom. On T:563 you advanced to experience level 2. On T:677 you reached level 5 of The Dungeons of Doom. On T:714 you advanced to experience level 3. On T:1103 you reached level 6 of The Dungeons of Doom. On T:1225 you advanced to experience level 4. On T:1350 you reached level 7 of The Dungeons of Doom. On T:1382 you advanced to experience level 5. On T:1490 you reached level 8 of The Dungeons of Doom. On T:1749 you prayed to Camaxtli. On T:1868 you reached level 9 of The Dungeons of Doom. On T:2653 you reached level 10 of The Dungeons of Doom. On T:2680 you reached level 4 of Sokoban. On T:2689 you advanced to experience level 6. On T:2715 you prayed to Camaxtli. On T:2752 you opened a magic chest. On T:2965 you reached level 3 of Sokoban. On T:3301 you prayed to Camaxtli. On T:4061 you reached level 2 of Sokoban. On T:4464 you reached level 1 of Sokoban. On T:4496 you advanced to experience level 7. On T:4867 you advanced to experience level 8. On T:4867 you entered the Sokoban zoo. On T:5390 you reached level 2 of The Gnomish Mines. On T:5532 you prayed to Camaxtli. On T:5879 you reached level 3 of The Gnomish Mines. On T:6066 you entered the Minetown temple On T:6120 you reached level 4 of The Gnomish Mines. On T:6528 you reached level 5 of The Gnomish Mines. On T:6839 you reached level 6 of The Gnomish Mines. On T:7153 you reached level 7 of The Gnomish Mines. On T:7402 you prayed to Camaxtli. On T:7430 you reached level 8 of The Gnomish Mines. On T:7430 you reached the bottom of the Mines. On T:7590 you advanced to experience level 9. On T:8877 you prayed to Camaxtli. On T:9718 you reached level 11 of The Dungeons of Doom. On T:9780 you reached level 12 of The Dungeons of Doom. On T:10080 you reached level 13 of The Dungeons of Doom. On T:10508 you advanced to experience level 10. On T:10629 you reached level 14 of The Dungeons of Doom. On T:11010 you reached level 15 of The Dungeons of Doom. On T:11246 you reached Fort Ludios. On T:11319 you reached level 1 of The Quest. On T:11416 you reached level 16 of The Dungeons of Doom. On T:11416 you entered the Rogue tribute level. On T:11553 you reached level 17 of The Dungeons of Doom. On T:12115 you reached level 18 of The Dungeons of Doom. On T:12894 you advanced to experience level 11. On T:13358 you prayed to Camaxtli. Score breakdown: Gold: 2101 ( 210 points) Experience: 11 levels ( 1000 points) Exploration: 18 levels ( 510 points) Discoveries: 94 items ( 2000 points) Variety of kills: 149 monsters ( 2000 points) Major goal: Sokoban/Mines ( 1500 points) Survival: died (score multiplied by 3) Total score: 21660 Latest messages: The lieutenant picks up a ring mail. You kill the soldier! You stab the lieutenant! The lieutenant bumps right into you! You stab the lieutenant! (2x) The soldier wields an angled poleaxe! The lieutenant wields a broadsword! The broadsword welds itself to the lieutenant's hand! The lieutenant swings her broadsword at you. The lieutenant slashes you! The soldier picks up a short sword. You stab the lieutenant! (2x) The lieutenant swings her broadsword at you. The lieutenant misses. The lieutenant swings her broadsword at you. The lieutenant misses. You stab the lieutenant! The lieutenant swings her broadsword at you. The lieutenant hacks you! The lieutenant swings her broadsword at you. The lieutenant hacks you! The soldier picks up a knife. Nothing happens. The lieutenant swings her broadsword at you. The lieutenant hacks you! You die... Final status: Goodbye woodfighter the Archeologist, killed by a lieutenant... You died in Fort Ludios with 21660 points, and 2101 pieces of gold, after 14262 moves. You were level 11 with a maximum of 76 hit points when you died.